 Dungeon Crawl Stone Soup version 0.26.0-10-g1f06aea511 (webtiles) character file.

Game seed: 6104500982214194365

95 Borgoz the Slasher (level 4, -3/38 HPs)
             Began as a Ghoul Gladiator on Jan 14, 2021.
             Killed from afar by an orc wizard (9 damage)
             ... with a magic dart
             ... on level 3 of the Dungeon.
             The game lasted 00:02:28 (1493 turns).

Borgoz the Slasher (Ghoul Gladiator)                Turns: 1493, Time: 00:02:29

Health: -3/38      AC:  4    Str: 17    XL:     4   Next: 65%
Magic:  3/3        EV: 12    Int:  3    God:
Gold:   73         SH:  0    Dex: 11    Spells: 3/3 levels left

rFire    . . .     SeeInvis .   a - +0 long sword
rCold    + . .     Faith    .   (no shield)
rNeg     + + +     Spirit   .   i - +0 leather armour
rPois    ∞         Reflect  .   c - +0 helmet
rElec    .         Harm     .   (no cloak)
rCorr    .         Rampage  .   (no gloves)
Will     .....                  (no boots)
Stlth    +.........             q - amulet of regeneration
HPRegen  0.00/turn              (no ring)
MPRegen  0.08/turn              (no ring)

@: confused, attractive, very slightly contaminated, invisible
A: claws 1, cold resistance 1, negative energy resistance 3, inhibited
regeneration, torment resistance, unbreathing
a: no special abilities


You were on level 3 of the Dungeon.
You visited 1 branch of the dungeon, and saw 3 of its levels.

You collected 73 gold pieces.

Inventory:

Hand Weapons
 a - a +0 long sword (weapon)
Missiles
 d - 3 throwing nets (quivered)
Armour
 c - a +0 helmet (worn)
 i - a +0 leather armour (worn)
Jewellery
 q - an amulet of regeneration (around neck)
 r - an uncursed ring of poison resistance {unknown}
Scrolls
 b - a scroll of fear {unknown}
 g - 5 scrolls of identify {unknown}
 h - a scroll of noise {unknown}
 j - a scroll of magic mapping {unknown}
 k - a scroll of remove curse {unknown}
 l - a scroll of teleportation {unknown}
 m - a scroll of amnesia {unknown}
Potions
 e - a potion of attraction
 n - a potion of heal wounds {unknown}
 o - a potion of cancellation {unknown}
 p - a potion of degeneration {unknown}


   Skills:
 + Level 3.1 Fighting
 + Level 3.3 Long Blades
 + Level 2.6 Throwing
 + Level 3.2 Dodging


You had 3 spell levels left.
You didn't know any spells.
Your spell library was empty.

Dungeon Overview and Level Annotations

Branches:
Dungeon (3/15)

Altars:
Xom


Innate Abilities, Weirdness & Mutations

You thrive by killing the living.
You are immune to poison.
You have sharp fingernails.
Your flesh is cold resistant. (rC+)
You are immune to negative energy. (rN+++)
You do not regenerate when monsters are visible.
You are immune to unholy pain and torment.
You can survive without breathing.


Message History

The bat barely misses you.
You riposte.
You hit the bat.
You kill the bat!
You feel better. The orc wizard casts a spell at you. The magic dart hits you!
* * * LOW HITPOINT WARNING * * *
It was a potion of invisibility.
You fade into invisibility!
The orc wizard closely misses you.
You are very lightly contaminated with residual magic.
It was a potion of attraction.
You feel attractive to monsters. The orc wizard misses you.
The orc wizard hits you but does no damage.
You hear some strange, mumbled words.
You are confused.
The orc wizard is pulled toward you! Something is pulled toward you!
The orc wizard points at you and mumbles some strange words.
The magic dart hits you!
You die...

....##.........# ..
...............# #.#
....#.........# #..
#......[....# ##..
###..†.....## ##..#
###...<.......#
#...###...#.........#
##.#.#...###.........#
#....@.### #.........#
.....#.### #....<....#
.## #o# ##.......##
#.##.#########.....##
##..........#########
#......†.....##
#..............#
#.........))...#
.......>........#


You could see an orc wizard (fast).

Vanquished Creatures
  Jessica (D:2)
  3 adders
  A worm (D:2)
  2 leopard geckos (D:2)
  An orc (D:3)
  5 bats
  2 giant cockroaches
  2 hobgoblins (D:1)
  3 jackals (D:2)
  A frilled lizard (D:3)
  8 goblins
  4 kobolds
  2 rats (D:1)
35 creatures vanquished.

Vanquished Creatures (others)
  3 plants (D:3)
3 creatures vanquished.

Grand Total: 38 creatures vanquished

Notes
Turn   | Place    | Note
-------+----------+-------------------------------------------
     0 | D:1      | Borgoz the Ghoul Gladiator began the quest for the Orb.
     0 | D:1      | Reached XP level 1. HP: 17/17 MP: 0/0
   545 | D:1      | Reached XP level 2. HP: 25/25 MP: 1/1
   822 | D:2      | Noticed Jessica
   825 | D:2      | Killed Jessica
   826 | D:2      | Reached XP level 3. HP: 30/30 MP: 2/2
   850 | D:2      | Found a shimmering altar of Xom.
   996 | D:2      | Reached XP level 4. HP: 30/37 MP: 3/3
  1493 | D:3      | Killed from afar by an orc wizard

Illustrated notes

Levels and vault maps discovered:
D:1:      amcnicky_arrival_flooded_fountain, layout_basic,
          minmay_misc_feat_encased, chequers_serial_rivers_room_b, st_stairs_7
D:2:      layout_rooms, overflow_temple_1_default, uniq_jessica
D:3:      layout_rooms, minivault_4, amcnicky_mini_rare_corridor_liquid,
          guppyfry_early_lair_pool

Skill      XL: |  1  2  3  4 |
---------------+-------------+-----
Throwing       | 2 |  2.6
Long Blades    | 3 |  3.3
Dodging        | 3 |  3.2
Fighting       | 3 |  3.1

Action                   |  1- 3 |  4- 6 || total
-------------------------+-------+-------++-------
Melee: Long sword        |    45 |    43 ||    88
  Use: Potion            |       |     2 ||     2
Armor: Leather armour    |    14 |    17 ||    31
Dodge: Dodged            |    41 |    46 ||    87
       Rpst.: Long sword |    17 |    19 ||    36
